 Dungeon Crawl Stone Soup version 0.22-a0-398-g8bb545f (webtiles) character file.

254 raistware the Magician (level 5, -5/35 HPs)
             Began as a Mummy Wizard on May 5, 2018.
             Was an Initiate of Sif Muna.
             Slain by an ogre
             ... wielding a +0 giant club
              (15 damage)
             ... on level 5 of the Dungeon.
             The game lasted 00:15:40 (4430 turns).

raistware the Magician (Mummy Wizard)               Turns: 4430, Time: 00:15:41

Health: -5/35      AC:  5    Str: 10    XL:     5   Next: 91%
Magic:  0/12       EV: 12    Int: 18    God:    Sif Muna [......]
Gold:   200        SH:  0    Dex: 11    Spells: 2/13 levels left

rFire    x . .     SeeInvis .   o - +0 short sword
rCold    + . .     Gourm    .   (no shield)
rNeg     + + +     Faith    .   a - +0 robe
rPois    ∞         Spirit   .   b - +0 hat
rElec    .         Reflect  .   (no cloak)
rCorr    .         Harm     .   k - +1 pair of gloves
MR       .....                  l - +0 pair of boots
Stlth    ++........             (no amulet)
HPRegen  0.11/turn              (no ring)
MPRegen  0.13/turn              (no ring)

@: very slightly contaminated
A: no food or potions, fire vulnerability, cold resistance 1, negative energy
resistance 3, torment resistance, unbreathing
a: Renounce Religion


You were on level 5 of the Dungeon.
You worshipped Sif Muna.
Sif Muna was noncommittal.
You were not hungry.

You visited 1 branch of the dungeon, and saw 5 of its levels.

You collected 200 gold pieces.

Inventory:

Hand Weapons
 o - a +0 short sword (weapon)
Missiles
 c - a throwing net (quivered)
Armour
 a - a +0 robe (worn)
 b - a +0 hat (worn)
 i - a +0 buckler
 k - a +1 pair of gloves (worn)
 l - a +0 pair of boots (worn)
Scrolls
 d - a scroll of blinking
 e - 7 scrolls of identify
 f - a scroll of enchant weapon
 g - a scroll of amnesia {unknown}
 h - 2 scrolls of remove curse
 j - a scroll of noise {unknown}
 m - a scroll of magic mapping {unknown}
 n - a scroll of random uselessness {unknown}
 p - a scroll of teleportation {unknown}
 q - 2 scrolls of enchant armour {unknown}


   Skills:
 - Level 2.1 Dodging
 - Level 2.0 Stealth
 + Level 4.9 Spellcasting
 * Level 3.9 Conjurations
 - Level 1.0 Summonings
 - Level 1.0 Translocations


You had 2 spell levels left.
You knew the following spells:

 Your Spells              Type           Power        Failure   Level  Hunger
a - Magic Dart            Conj           ###.         2%          1    N/A
b - Blink                 Tloc           N/A          13%         2    N/A
c - Call Imp              Summ           #.......     13%         2    N/A
d - Conjure Flame         Conj/Fire      ##......     19%         3    N/A
e - Mephitic Cloud        Conj/Pois/Air  #.......     24%         3    N/A

Dungeon Overview and Level Annotations

Branches:
Dungeon (5/15)             Temple (0/1) D:4

Altars:
Ashenzari
Hepliaklqana
Ru
Sif Muna
Trog
Xom

Annotations:
D:3 Barriton's ghost, amateur DrVM


Innate Abilities, Weirdness & Mutations

You do not eat or drink.
Your flesh is vulnerable to fire.
You are immune to poison.
Your flesh is cold resistant. (rC+)
You are immune to negative energy. (rN+++)
You are immune to unholy pain and torment.
You can survive without breathing.


Message History

* * * LOW HITPOINT WARNING * * *
You hit the ogre.
The ogre is lightly wounded.
The ogre is engulfed in noxious fumes.
The ogre appears confused.
The ogre asks, "Where am I?"
You hit the ogre.
The ogre is moderately wounded.
You catch the helpless ogre completely off-guard!
You hit the ogre.
The ogre is heavily wounded.
The ogre asks, "Where am I?"
The ogre seems less confused.
There is an open door here.
Casting: Mephitic Cloud (safe; 24% risk of failure)
Confirm with . or Enter, or press ? or * to list all spells.
A shadowy apparition takes form in the air.
The ogre misses you.
Your shadow imp barely misses the ogre.
The ogre hits you with a giant club!
You die...

#....#..........#
#....'..........#
#....#..........#
#....#..........#
#....#..........#
#....############
#.....5.#
#....O..#
#...@...#
#########


You could see an ogre and a friendly shadow imp.

Vanquished Creatures
  A scorpion (D:4)
  2 centaur skeletons (D:4)
  A worker ant (D:4)
  Natasha (D:2)
  3 adders (D:3)
  An ooze (D:4)
  3 worms
  A dart slug (D:1)
  5 leopard geckos
  2 orcs (D:3)
  7 bats
  A giant cockroach (D:4)
  5 goblins
  11 hobgoblins
  5 kobolds
  A ball python (D:1)
  3 frilled lizards (D:3)
  3 rats
56 creatures vanquished.

Vanquished Creatures (collateral kills)
  An adder (D:2)
  An adder skeleton (D:4)
2 creatures vanquished.

Grand Total: 58 creatures vanquished

Notes
Turn   | Place    | Note
-------+----------+-------------------------------------------
     0 | D:1      | raistware the Mummy Wizard began the quest for the Orb.
     0 | D:1      | Reached XP level 1. HP: 13/13 MP: 5/5
    87 | D:1      | Reached skill level 1 in Conjurations
   323 | D:1      | Reached XP level 2. HP: 17/19 MP: 1/7
   327 | D:1      | Learned a level 2 spell: Blink
   330 | D:1      | Learned a level 2 spell: Call Imp
  1214 | D:2      | Reached XP level 3. HP: 21/24 MP: 0/8
  1219 | D:2      | Learned a level 3 spell: Conjure Flame
  1511 | D:2      | Found a hazy altar of Hepliaklqana.
  1512 | D:2      | Found a shimmering altar of Xom.
  1513 | D:2      | Noticed a spectral ugly thing
  1649 | D:2      | Noticed Natasha
  1984 | D:3      | Found a shattered altar of Ashenzari.
  1984 | D:3      | Found a deep blue altar of Sif Muna.
  1986 | D:3      | Found a bloodstained altar of Trog.
  2054 | D:3      | Became a worshipper of Sif Muna the Loreminder
  2220 | D:3      | Reached XP level 4. HP: 25/30 MP: 0/10
  2225 | D:3      | Learned a level 3 spell: Mephitic Cloud
  2389 | D:3      | Noticed Barriton's ghost (amateur DrVM)
  2844 | D:2      | Killed Natasha
  2844 | D:2      | Reached skill level 1 in Summonings
  2844 | D:2      | Reached skill level 1 in Translocations
  3718 | D:4      | Reached XP level 5. HP: 14/35 MP: 0/11
  3876 | D:4      | Found a sacrificial altar of Ru.
  4123 | D:4      | Found a staircase to the Ecumenical Temple.
  4379 | D:5      | Entered Level 5 of the Dungeon
  4383 | D:5      | Noticed an ogre
  4430 | D:5      | Slain by an ogre

Vault maps used:
D:1:      wheals_arrival_linesprint, st_stairs_13, hangedman_decor_slide_cut,
          minmay_strange_pillars
D:2:      regret_index_temple_of_mockery, uniq_natasha
D:3:      gammafunk_temple_overflow_forgotten
D:4:      nicolae_ru_sacrificial_ziggurat, temple_pool_b, first_ration
D:5:      nicolae_overflow_hidden_temple

Skill      XL: |  1  2  3  4  5 |
---------------+----------------+-----
Conjurations   | 1 2 3 |  3.9
Summonings     | 1 |  1.0
Translocations | 1 |  1.0
Stealth        | 2 |  2.0
Dodging        | 2 |  2.1
Spellcasting   | |  4.9

Action                   |  1- 3 |  4- 6 || total
-------------------------+-------+-------++-------
Melee: Unarmed           |     9 |       ||     9
       Short sword       |     3 |    31 ||    34
 Cast: Magic Dart        |   111 |    49 ||   160
       Call Imp          |     3 |    10 ||    13
       Conjure Flame     |       |     9 ||     9
       Mephitic Cloud    |       |     3 ||     3
  Use: Scroll            |     3 |       ||     3
 Stab: Sleeping          |     1 |       ||     1
       Confused          |       |     1 ||     1
Armor: Robe              |     4 |    15 ||    19
Dodge: Dodged            |    19 |    27 ||    46

Table legend:
 A = Spawn XP
 B = Non-spawn XP
 C = Spawn XP percentage of total XP
 D = Spawn monster count
 E = Non-spawn monster count
 F = Spawn count percentage of total count
 G = Total turns spent on level
                    A         B        C        D         E        F      G
               +---------+---------+-------+---------+---------+-------+---------
         Total |       0 |     364 |   0.0 |       0 |      58 |   0.0 |  4430
               +---------+---------+-------+---------+---------+-------+---------
           D:1 |       0 |      33 |   0.0 |       0 |      16 |   0.0 |  1077
           D:2 |       0 |      66 |   0.0 |       0 |      12 |   0.0 |  1428
           D:3 |       0 |      77 |   0.0 |       0 |      23 |   0.0 |  1107
           D:4 |       0 |     188 |   0.0 |       0 |       7 |   0.0 |   767
               +---------+---------+-------+---------+---------+-------+---------
